 Dungeon Crawl Stone Soup version 0.28-a0-653-g7e9dba17c3 (webtiles) character file.

Game seed: 11533663695250756120

135 cheechan the Magician (level 5, -5/32 HPs)
             Began as an Octopode Hedge Wizard on Oct 11, 2021.
             Was a Follower of Makhleb.
             Slain by a gnoll (9 damage)
             ... on level 4 of the Dungeon.
             The game lasted 00:12:06 (2317 turns).

cheechan the Magician (Octopode Hedge Wizard)       Turns: 2317, Time: 00:12:06

Health: -5/32      AC:  1    Str: 10    XL:     5   Next: 18%
Magic:  0/11       EV: 13    Int: 17    God:    Makhleb [*.....]
Gold:   133        SH:  0    Dex: 11    Spells: 7/12 levels left

rFire   . . .      SeeInvis +   a - +0 dagger
rCold   . . .      Faith    .   (no shield)
rNeg    . . .      Spirit   .   b - +0 hat
rPois   .          Reflect  .   (no amulet)
rElec   .          Harm     .   q - ring of see invisible
rCorr   .          Rampage  .   (no ring)
Will    .....                   (no ring)
Stlth   +++.......              (no ring)
HPRegen 0.10/turn               (no ring)
MPRegen 0.12/turn               (no ring)
                                (no ring)
                                (no ring)

@: lethally poisoned (-5 -> -8), weak-willed
A: almost no armour, amphibious, 8 rings, camouflage 1, gelatinous body 1,
(nimble swimmer 1), tentacles
a: Renounce Religion


You were on level 4 of the Dungeon.
You worshipped Makhleb.
Makhleb was aware of your devotion.
You visited 1 branch of the dungeon, and saw 5 of its levels.

You collected 133 gold pieces.

Inventory:

Hand Weapons
 a - a +0 dagger (weapon)
 g - a +0 hunting sling
Missiles
 c - 62 arrows
 d - 136 stones
 e - 17 sling bullets
 h - 36 bolts
 p - 19 poisoned darts
Armour
 b - a +0 hat (worn)
Jewellery
 q - a ring of see invisible (left tentacle)
Wands
 m - a wand of flame (20)
Scrolls
 f - a scroll of enchant weapon
 j - a scroll of teleportation
 l - a scroll of vulnerability
Potions
 i - a potion of curing {unknown}
 k - 3 potions of flight {unknown}
 n - 2 potions of degeneration {unknown}


   Skills:
 + Level 0.4 Fighting
 + Level 0.3 Short Blades
 + Level 2.5 Dodging
 + Level 3.5 Stealth
 + Level 4.1 Spellcasting
 + Level 2.1 Conjurations
 + Level 1.7 Summonings
 + Level 1.0 Translocations


You had 7 spell levels left.
You knew the following spells:

 Your Spells              Type           Power      Damage    Failure   Level
a - Magic Dart            Conj           40%        1d5       7%          1
b - Blink                 Tloc           N/A        N/A       16%         2
c - Call Imp              Summ           9%         N/A       12%         2

Your spell library contained the following spells:

 Spells                   Type           Power      Damage    Failure   Level
 Summon Small Mammal      Summ           36%        N/A       8%          1
 Apportation              Tloc           12%        N/A       11%         1
 Animate Skeleton         Necr           6%         N/A       16%         1
 Slow                     Hex            3%         N/A       24%         2
 Sublimation of Blood     Necr           1%         N/A       24%         2
 Conjure Flame            Conj/Fire      7%         6-21      30%         3
 Mephitic Cloud           Conj/Pois/Air  5%         N/A       34%         3
 Petrify                  Tmut/Erth      3%         N/A       83%         4
 Irradiate                Conj/Tmut      3%         3d15      95%         5


Dungeon Overview and Level Annotations

Branches:
Dungeon (5/15)
 Temple: D:4-7

Altars:
Makhleb
Qazlal

Shops:
D:4 *


Innate Abilities, Weirdness & Mutations

You cannot wear most types of armour.
You are amphibious.
You can wear up to eight rings at the same time.
Your skin changes colour to match your surroundings (Stealth+).
Your rubbery body absorbs attacks. (AC +1, EV +1)
((You are camouflaged near water. (Stealth+)))
You have tentacles for arms and can constrict up to eight enemies at once.


Message History

The ogre is severely wounded.
The gnoll shouts! x2
The adder barely misses you. The gnoll misses you.
An endoplasm comes into view.
You hit the ogre but do no damage.
The ogre is severely wounded.
The adder bites you. The ogre closely misses you. The gnoll closely misses you.
The adder closely misses you.
You hit the ogre. You squeeze the ogre.
You kill the ogre!
Makhleb accepts your kill.
The goblin shoots a stone.
The stone barely misses you. The gnoll barely misses you. The adder bites you.
* * * LOW HITPOINT WARNING * * *
You are lethally poisoned!
The adder poisons you!
Your Spellcasting skill increases to level 4!
Your Conjurations skill increases to level 2!
You have reached level 4!
You have reached level 5!
You feel stronger.
* * * LOW HITPOINT WARNING * * *
You feel sick.
Your crimson imp disappears in a puff of smoke!
You see here a +0 giant spiked club.
Okay, then.
As you read the scroll labelled KIAFRE POYC, it crumbles to dust.
Magic quickly surges around you.
It was a scroll of vulnerability.
* * * LOW HITPOINT WARNING * * *
You feel sick. The adder barely misses you.
The goblin unwields a +0 hunting sling.
The goblin wields a +0 club.
The goblin barely misses you.
As you read the scroll labelled USIHESUEFU, it crumbles to dust.
It is a scroll of amnesia.
Really abort (and waste the scroll)?
Okay, then.
* * * LOW HITPOINT WARNING * * *
You feel sick. The adder barely misses you.
The gnoll hits you from afar with a +0 spear!
You die...

..# ..g# .......
########.#.# ...J...
####.......>. .......
#......#... .......
#...$..#.####### ..J....
#............ยง.##
.g.....
.......#.#####.g##g......
.....!.#.# ##.@SSg...#
#...####.# #####......
###..###.# ####.
##.O.#.#######
###.......... ###.######
###.# #...# ##O###


You could see 3 gnolls, 2 adders, an endoplasm and a goblin (weak-willed).

Vanquished Creatures
  An ogre (D:4)
  2 adders (D:2)
  A worm (D:2)
  A dart slug (D:2)
  4 bats
  4 endoplasms
  2 giant cockroaches
  3 goblins
  A quokka (D:2)
  4 ball pythons
  3 frilled lizards
  2 kobolds
28 creatures vanquished.

Vanquished Creatures (collateral kills)
  An orc (D:3)
  An endoplasm (D:4)
  A goblin (D:4)
3 creatures vanquished.

Vanquished Creatures (others)
  3 fungi (D:1)
  4 plants (D:1)
7 creatures vanquished.

Grand Total: 38 creatures vanquished

Notes
Turn   | Place    | Note
-------+----------+-------------------------------------------
     0 | D:1      | cheechan the Octopode Hedge Wizard began the quest for the
                  | Orb.
     0 | D:1      | Reached XP level 1. HP: 11/11 MP: 4/4
   402 | D:1      | Reached XP level 2. HP: 9/18 MP: 6/6
   583 | D:1      | Learned a level 2 spell: Blink
   619 | D:1      | Found a faded altar of an unknown god.
   639 | D:1      | Prayed at the altar of an unknown god.
   639 | D:1      | Became a worshipper of Makhleb the Destroyer
   639 | D:1      | Reached * piety under Makhleb
   858 | D:2      | Found a stormy altar of Qazlal.
   932 | D:2      | Reached XP level 3. HP: 16/22 MP: 2/8
  1054 | D:2      | Learned a level 2 spell: Call Imp
  2128 | D:3      | You fall into a shaft and drop 2 floors!
  2128 | D:5      | Entered Level 5 of the Dungeon
  2253 | D:4      | Noticed an ogre
  2289 | D:4      | Found Pucry's Assorted Antiques.
  2314 | D:4      | Killed an ogre
  2315 | D:4      | Reached skill level 4 in Spellcasting
  2315 | D:4      | Reached XP level 4. HP: 6/27 MP: 0/10
  2315 | D:4      | Reached XP level 5. HP: 7/32 MP: 0/11
  2317 | D:4      | Slain by a gnoll

Illustrated notes

Levels and vault maps discovered:
D:1:      dpeg_arrival_arbitrary_a, layout_basic,
          dreamdust_ecumenical_altar_grove
D:2:      layout_rooms, basic_altar
D:3:      layout_rooms
D:4:      layout_rooms, serial_shops, shop
D:5:      layout_basic, temple_fountains

Skill      XL: |  1  2  3 |
---------------+----------+-----
Stealth        | 3 |  3.5
Spellcasting   | 4 |  4.1
Conjurations   | 2 |  2.1
Fighting       | |  0.4
Short Blades   | |  0.3
Dodging        | |  2.5
Summonings     | |  1.7
Translocations | |  1.0

Action                   |  1- 3 |  4- 6 || total
-------------------------+-------+-------++-------
Melee: Dagger            |    78 |       ||    78
       Constrict         |    19 |       ||    19
       Tentacles         |    19 |       ||    19
 Cast: Magic Dart        |    41 |       ||    41
       Call Imp          |     8 |       ||     8
  Use: Scroll            |     2 |     2 ||     4
 Stab: Sleeping          |     1 |       ||     1
Armor: Skin              |     4 |       ||     4
Dodge: Dodged            |    45 |     3 ||    48

Table legend: (Time is in decaauts)
 A = Elapsed time spent in this place.
 B = Non-inter-level travel time spent in this place.
 C = Inter-level travel time spent in this place.
 D = Time resting spent in this place.
 E = Time spent auto-exploring this place.
 F = Levels seen in this place.
 G = Mean time per level.
                   A        B        C        D        E       F      G
               +--------+--------+--------+--------+--------+-----+--------+
         Total |   2315 |   2315 |      0 |    958 |      0 |   5 |  463.0 |
       Dungeon |   2315 |   2315 |      0 |    958 |      0 |   5 |  463.0 |
               +--------+--------+--------+--------+--------+-----+--------+

Top non-repeatable levels by time:
     D:1: 858 daAuts
     D:2: 680 daAuts
     D:3: 588 daAuts
     D:5: 96 daAuts
     D:4: 91 daAuts
